 Dungeon Crawl Stone Soup version 0.22-a0-367-gb72a975 (webtiles) character file.

18727 KKRT the Grappler (level 12, -4/94 HPs)
             Began as a Troll Fighter on Apr 22, 2018.
             Was a Believer of Hepliaklqana.
             Slain by Frances
             ... wielding a +2 dire flail of protection
              (24 damage)
             ... on level 12 of the Dungeon.
             The game lasted 02:21:43 (12271 turns).

KKRT the Grappler (Troll Fighter)                  Turns: 12271, Time: 02:21:43

Health: -4/94      AC:  5    Str: 27    XL:     12   Next: 30%
Magic:  25/25      EV: 10    Int: 13    God:    Hepliaklqana [**....]
Gold:   802        SH: 12    Dex:  9    Spells: 9/11 levels left

rFire    . . .     SeeInvis +     - Unarmed
rCold    . . .     Gourm    +   b - +1 shield
rNeg     . . .     Faith    .   k - +0 robe
rPois    .         Spirit   .   E - +3 hat of Pondering {ponderous, MR+ MP+10 Int+5}
rElec    .         Reflect  .   C - +0 cloak
rCorr    .         Harm     .   (gloves unavailable)
MR       +....                  (boots unavailable)
Stlth    +.........             d - amulet of the acrobat
HPRegen  0.65/turn              z - ring of see invisible
MPRegen  0.19/turn              (no ring)

@: lethally poisoned (-4 -> -6), corroded, slow
A: large, unfitting armour, reduced essence, claws 3, fast metabolism 3,
gourmand, regeneration 1, shaggy fur 1, tough skin 2
a: Recall Ancestor, Ancestor Identity, Renounce Religion


You were on level 12 of the Dungeon.
You worshipped Hepliaklqana.
Hepliaklqana was pleased with you.
You were very hungry.

You visited 2 branches of the dungeon, and saw 13 of its levels.

You collected 802 gold pieces.

Inventory:

Hand Weapons
 i - a +2 dagger of electrocution
   (You took it off a kobold on level 1 of the Dungeon)
 j - the +8 rapier "Didayc" {flame, *Noise rF++ MR+}
   (You found it on level 10 of the Dungeon)

   It has been specially enchanted to burn those struck by it, causing extra
   injury to most foes and up to half again as much damage against particularly
   susceptible opponents.
   It greatly protects you from fire.
   It affects your resistance to hostile enchantments.
   It may make noises in combat.
 y - a +1 trident of venom
   (You took it off a wight on level 7 of the Dungeon)
 G - a +1 blowgun
   (You found it on level 5 of the Dungeon)
Missiles
 a - 3 curare-tipped needles {!f}
 o - 6 javelins of returning
 p - 72 poisoned needles
 t - 7 large rocks
 B - 21 tomahawks
 I - 2 throwing nets (quivered) {!f}
 L - 15 javelins
Armour
 b - a +1 shield (worn)
 k - a +0 robe (worn)
   (You took it off an orc on level 8 of the Dungeon)
 C - a +0 cloak (worn)
   (You found it on level 6 of the Dungeon)
 E - the +3 hat of Pondering (worn) {ponderous, MR+ MP+10 Int+5}
   (You found it on level 7 of the Dungeon)

   It affects your intelligence (+5).
   It affects your resistance to hostile enchantments.
   It affects your magic capacity (+10).
Magical Staves
 F - an uncursed staff of power {!a}
   (You found it on level 7 of the Dungeon)
Jewellery
 d - an amulet of the acrobat (around neck)
   (You took it off a kobold on level 3 of the Dungeon)
 z - a ring of see invisible (left claw)
   (You found it on level 11 of the Dungeon)
Wands
 c - a wand of disintegration (11)
   (You found it on level 12 of the Dungeon)
 n - a wand of polymorph (19)
   (You found it on level 2 of the Dungeon)
 r - a wand of scattershot (3)
   (You took it off Nergalle on level 10 of the Dungeon)
 u - a wand of paralysis (14)
   (You took it off a centaur on level 8 of the Dungeon)
 v - a wand of digging (26)
   (You found it on level 5 of the Dungeon)
 x - a wand of acid (1)
   (You found it on level 10 of the Dungeon)
Scrolls
 f - a scroll of enchant weapon
 l - 3 scrolls of magic mapping
 m - 7 scrolls of remove curse {@r2}
 q - 3 scrolls of teleportation {@r4}
 A - 2 scrolls of enchant armour
 H - a scroll of random uselessness
 J - a scroll of identify {@r1}
 K - a scroll of vulnerability {unknown}
 M - 2 scrolls of fear
 P - a scroll of immolation {!r}
Potions
 h - 3 potions of lignification {!q}
 s - a potion of mutation {!q}
 w - 2 potions of agility
 D - a potion of haste {@q3}
 O - 3 potions of cancellation
 Q - 2 potions of flight
 R - a potion of curing {@q1}
 S - 2 potions of brilliance
 T - 2 potions of might
Comestibles
 e - 32 rations


   Skills:
 - Level 3.4 Fighting
 - Level 6.0 Throwing
 - Level 2.4 Dodging
 + Level 8.8 Shields
 + Level 12.2 Unarmed Combat
 - Level 4.1 Hexes
 - Level 3.0 Necromancy
 + Level 6.2 Evocations


You had 9 spell levels left.
You knew the following spells:

 Your Spells              Type           Power        Failure   Level  Hunger
a - Confusing Touch       Hex            ##....       6%          1    ##.....
z - Animate Skeleton      Necr           N/A          10%         1    ##.....


Dungeon Overview and Level Annotations

Branches:
Dungeon (12/15)            Temple (1/1) D:7            Lair (0/6) D:8
    Orc (0/2) D:10

Altars:
Ashenzari
Cheibriados
Dithmenos
Elyvilon
Fedhas
Gozag
Hepliaklqana
Kikubaaqudgha
Makhleb
Nemelex Xobeh
Okawaru
Qazlal
Ru
Sif Muna
Trog
Uskayaw
Vehumet
Wu Jian
Xom
Yredelemnul
Zin
The Shining One

Shops:
D:11 %   D:12 ?}[?

Annotations:
D:12 Frances, Snorg


Innate Abilities, Weirdness & Mutations

You are too large for most types of armour.
You have claws for hands.
Your metabolism is lightning-fast.
You like to eat raw meat.
Your natural rate of healing is unusually fast.
You are covered in fur. (AC +1)
You have very tough skin. (AC +2)
Your life essence is reduced to manifest your ancestor. (-10% HP)


Message History

You scratch Frances but do no damage.
Frances appears confused.
The rust devil hits you! The rust devil corrodes you!
Dmg: -9%(-9hp) hp: 91%(85hp)
You strike the helpless Frances from behind!
You mangle Frances!!
Frances hits the rust devil but does no damage.
Nhalahla hits the rust devil with a dagger of draining.
The chaos spawn is engulfed in seething chaos.
The chaos spawn hits you!
You are poisoned.
The chaos spawn poisons you! The smoke demon hits you!
The smoke demon hits you but does no damage.
You block the smoke demon's attack. The rust devil misses you.
Huge Dmg: -21%(-20hp) hp: 70%(65hp)
You feel sick.
The chaos spawn is engulfed in seething chaos.
The chaos spawn hits Nhalahla!
The chaos spawn shocks Nhalahla.
The smoke demon hits Nhalahla.
The smoke demon misses Nhalahla.
The smoke demon hits Nhalahla but does no damage.
The rust devil barely misses Nhalahla.
Dmg: -1%(-1hp) hp: 69%(64hp)
You claw Frances!
You feel sick.
The chaos spawn gores Nhalahla!
Nhalahla is destroyed!
Frances barely misses the smoke demon.
Dmg: -1%(-1hp) hp: 68%(63hp)
You catch the helpless Frances completely off-guard!
You claw Frances!
You feel sick. You block the smoke demon's attack. The smoke demon hits you.
The smoke demon hits you but does no damage.
Dmg: -4%(-3hp) hp: 64%(60hp)
You feel sick.
Frances seems less confused.
Frances completely misses you. The smoke demon closely misses you.
The smoke demon misses you. You block the smoke demon's attack.
Dmg: -1%(-1hp) hp: 63%(59hp)
You claw Frances!
You feel sick.
Frances hits you with a dire flail of protection!!
* * * LOW HITPOINT WARNING * * *
You block the rust devil's attack.
Huge Dmg: -31%(-29hp) hp: 32%(30hp)
You scratch Frances but do no damage.
You feel sick.
Frances hits you with a dire flail of protection!
* * * LOW HITPOINT WARNING * * *
The smoke demon barely misses you. x2; The smoke demon hits you.
* * * LOW HITPOINT WARNING * * *
The rust devil barely misses you.
Huge Dmg: -10%(-10hp) hp: 22%(20hp)
You claw Frances!
You feel sick.
Frances runs a finger over her scar.
Frances hits you with a dire flail of protection!!
You die...

###### ##
#.##)#####.###
#...<........#
#.##)......#.
#.#434.....#
#.#@######.# #.#@# #
#.#..
###.##################
#.(...................
######################
##########


You could see Frances, a rust devil, a smoke demon and a chaos spawn.

Vanquished Creatures
  Harold (D:12)
  3 two-headed ogres
  Nergalle (D:10)
  Urug (D:10)
  An unseen horror (D:12)
  An ugly thing (D:12)
  2 cyclopes
  A gargoyle (D:12)
  A kobold demonologist (D:12)
  A hornet (D:12)
  4 hippogriffs
  14 yaks
  A water elemental (D:12)
  2 hungry ghosts
  2 water moccasins
  An ice beast (D:6)
  2 eyes of draining
  4 orc warriors
  A sky beast (D:7)
  2 phantoms (D:8)
  6 ogres
  A wolf (D:8)
  11 centaurs
  A crocodile (D:10)
  2 big kobolds (D:10)
  8 bullfrogs
  3 scorpions
  5 killer bees (D:10)
  6 howler monkeys
  5 wights (D:7)
  5 electric eels
  8 crimson imps
  A bullfrog zombie (D:6)
  2 centaur skeletons
  2 centaur zombies (D:8)
  9 hounds
  4 orc priests
  4 jellies
  An ancestor (D:10)
  10 worker ants
  2 iguanas (D:7)
  8 orc wizards
  5 gnolls (D:12)
  9 adders
  4 shadow imps
  An ooze (D:2)
  2 adder skeletons
  3 worms
  4 dart slugs
  2 leopard geckos
  24 orcs
  2 ball pythons
  2 giant cockroaches
  3 goblins
  2 hobgoblins
  6 jackals
  4 quokkas
  5 bats
  3 frilled lizards
  A jackal zombie (D:7)
  21 kobolds
  7 rats
  A spectral orc (D:6)
261 creatures vanquished.

Vanquished Creatures (collateral kills)
  An unseen horror (D:12)
  An ugly thing (D:10)
  A centaur zombie (D:12)
  Maurice (D:8)
  A troll (D:8)
  2 yaks
  2 hungry ghosts
  2 black bears
  An ice beast (D:10)
  A phantom (D:8)
  An eye of draining (D:11)
  A wolf (D:8)
  A centaur (D:9)
  2 big kobolds (D:10)
  A gnoll sergeant (D:12)
  2 bullfrogs
  A scorpion (D:10)
  A water moccasin skeleton (D:11)
  A killer bee (D:10)
  4 wights (D:12)
  An electric eel (D:8)
  2 orc priests (D:8)
  A bullfrog skeleton (D:10)
  6 orc wizards
  A hound skeleton (D:10)
  An adder (D:8)
  8 orcs
  A quokka (D:12)
  6 kobolds (D:10)
55 creatures vanquished.

Vanquished Creatures (others)
  5 hexers (D:12)
  10 ancestors
  A leopard gecko (D:8)
16 creatures vanquished.

Grand Total: 332 creatures vanquished

Notes
Turn   | Place    | Note
-------+----------+-------------------------------------------
     0 | D:1      | KKRT the Troll Fighter began the quest for the Orb.
     0 | D:1      | Reached XP level 1. HP: 22/22 MP: 0/0
   426 | D:1      | Reached XP level 2. HP: 29/29 MP: 1/1
  1508 | D:2      | Reached XP level 3. HP: 36/36 MP: 2/2
  1868 | D:2      | Reached skill level 3 in Unarmed Combat
  2256 | D:3      | Noticed a hungry ghost
  2279 | D:3      | Killed a hungry ghost
  2279 | D:3      | Reached skill level 4 in Unarmed Combat
  2279 | D:3      | Reached XP level 4. HP: 44/45 MP: 3/3
  2279 | D:3      | Reached XP level 5. HP: 52/53 MP: 4/4
  2640 | D:4      | Reached XP level 6. HP: 61/61 MP: 5/5
  2829 | D:4      | Reached skill level 1 in Throwing
  2933 | D:4      | Reached skill level 5 in Unarmed Combat
  3251 | D:5      | Entered Level 5 of the Dungeon
  3377 | D:5      | Reached XP level 7. HP: 60/67 MP: 6/6
  3442 | D:5      | Found a shadowy altar of Dithmenos.
  4123 | D:6      | Found a basalt altar of Yredelemnul.
  4198 | D:6      | Reached skill level 6 in Unarmed Combat
  4280 | D:6      | Reached XP level 8. HP: 75/75 MP: 7/7
  4384 | D:6      | Found a glowing golden altar of the Shining One.
  4725 | D:7      | Reached skill level 7 in Unarmed Combat
  4892 | D:7      | Found a staircase to the Ecumenical Temple.
  4949 | D:7      | Reached skill level 5 in Throwing
  5119 | D:7      | Found the +3 hat of Pondering {ponderous, MR+ MP+10 Int+5}
  5145 | D:7      | Reached skill level 5 in Shields
  5313 | D:7      | Reached XP level 9. HP: 83/83 MP: 8/8
  5452 | D:7      | Reached skill level 8 in Unarmed Combat
  5671 | Temple   | Entered the Ecumenical Temple
  5834 | Temple   | Became a worshipper of Hepliaklqana the Forgotten
  5999 | D:7      | Reached skill level 1 in Evocations
  6231 | D:8      | Noticed a troll
  6249 | D:8      | Reached skill level 9 in Unarmed Combat
  6261 | D:8      | Killed a troll
  6383 | D:8      | Noticed Maurice
  6512 | D:8      | Reached XP level 10. HP: 65/81 MP: 11/11
  6657 | D:8      | Found a staircase to the Lair.
  6806 | D:8      | Killed Maurice
  6806 | D:8      | Reached skill level 10 in Unarmed Combat
  6961 | D:8      | Paralysed by a centaur for 2 turns
  6969 | D:8      | Paralysed by a centaur for 6 turns
  7463 | D:9      | Reached * piety under Hepliaklqana
  8330 | D:2      | Learned a level 1 spell: Animate Skeleton
  8332 | D:2      | Learned a level 1 spell: Confusing Touch
  8502 | D:10     | Entered Level 10 of the Dungeon
  8516 | D:10     | Found a staircase to the Orcish Mines.
  8661 | D:10     | Reached skill level 1 in Necromancy
  8664 | D:10     | Reached skill level 1 in Hexes
  8681 | D:10     | Got a translucent rapier
  8752 | D:10     | Noticed Nergalle
  8769 | D:10     | Killed Nergalle
  8785 | D:10     | Noticed a two-headed ogre
  8792 | D:10     | Noticed Urug
  8800 | D:10     | Killed a two-headed ogre
  8828 | D:10     | Killed Urug
  8828 | D:10     | Reached XP level 11. HP: 46/87 MP: 13/13
  9123 | D:10     | Identified the +8 rapier "Didayc" {flame, *Noise rF++ MR+} (You found it on level 10 of the Dungeon)
  9126 | D:10     | Noticed a green ugly thing
  9151 | D:10     | Killed a green ugly thing
  9151 | D:10     | Reached skill level 11 in Unarmed Combat
  9471 | D:11     | Noticed a two-headed ogre
  9524 | D:10     | Killed a two-headed ogre
  9904 | D:11     | Found Silar's Food Boutique.
  9929 | D:11     | Reached ** piety under Hepliaklqana
  9930 | D:11     | Remembered your ancestor Nhalahla as a hexer
 10205 | D:11     | Found a shadowy altar of Dithmenos.
 10322 | D:12     | Killed an unseen horror
 10393 | D:12     | Found Sinam's Magic Scroll Shoppe.
 10455 | D:12     | Reached skill level 5 in Evocations
 10535 | D:12     | Found Lacilec's Antique Armour Shoppe.
 10541 | D:12     | Noticed a two-headed ogre
 10549 | D:12     | Killed a two-headed ogre
 10708 | D:12     | Reached XP level 12. HP: 31/94 MP: 15/15
 10843 | D:12     | Found Nufurhur's Gadget Shop.
 11243 | D:12     | Noticed Snorg
 11377 | D:12     | Reached skill level 12 in Unarmed Combat
 11408 | D:12     | Noticed Harold
 11424 | D:12     | Killed Harold
 11739 | D:12     | Noticed Frances
 11756 | D:12     | HP: 4/94 [Frances/dire flail of protection (28)]
 12062 | D:12     | Found Aleu's Magic Scroll Shoppe.
 12271 | D:12     | Slain by Frances

Vault maps used:
D:1:      matt_arrival_refuge, serial_forest, infiniplex_forest_lined_3,
          infiniplex_forest_lined_1, infiniplex_forest_diagonal,
          infiniplex_forest_clump_double, infiniplex_forest_zigzag_1,
          infiniplex_forest_clump_small, infiniplex_forest_end_1,
          hangedman_decor_clover_reticule, minmay_misc_feat_columns,
          columned_hall_lemuel
D:2:      corexii_item_surrounded_by_moat, feat_on_display
D:5:      first_ration, grunt_dithmenos_smoke_and_mirrors
D:6:      yredelemnul_forgotten_temple_becter, tso_metal_star
D:7:      minmay_temple_entry_grid, serial_corexii_hall, corexii_hall_statues_l,
          corexii_hall_statues_i, st_stairs_6
D:8:      erik_lair_island, uniq_maurice
D:9:      grunt_ogre_cave
D:10:     orc_0_dummy, uniq_nergalle, uniq_urug
D:11:     serial_shops, nicolae_shop_stone, basic_altar
D:12:     serial_shops, nicolae_shop_waterfront, shop, shop, shop, uniq_harold,
          uniq_frances, uniq_snorg
Temple:   kilobyte_greek_temple

Skill      XL: |  1  2  3  4  5  6  7  8  9 10 11 12 |
---------------+-------------------------------------+-----
Unarmed Combat | 4 5 6 7 9 10 11 12 | 12.2
Fighting       | 3 |  3.4
Shields        | 3 4 5 6 7 8 |  8.8
Throwing       | 2 3 5 6 |  6.0
Evocations     | 2 4 5 6 |  6.2
Necromancy     | 3 |  3.0
Hexes          | 2 4 |  4.1
Dodging        | |  2.4

Action                   |  1- 3 |  4- 6 |  7- 9 | 10-12 || total
-------------------------+-------+-------+-------+-------++-------
Melee: Unarmed           |   108 |    63 |   287 |   509 ||   967
 Fire: Blowgun           |       |       |    16 |    11 ||    27
Throw: Large rock        |     5 |     2 |     6 |     2 ||    15
       Tomahawk          |       |       |    13 |    10 ||    23
       Javelin           |       |       |       |    14 ||    14
       Throwing net      |       |       |       |     1 ||     1
 Cast: Confusing Touch   |       |       |       |    21 ||    21
       Animate Skeleton  |       |       |       |    24 ||    24
Invok: Recall Ancestor   |       |       |       |     2 ||     2
       Ancestor Life: He |       |       |       |     1 ||     1
Evoke: Wand              |       |       |       |     4 ||     4
  Use: Scroll            |     3 |     7 |     6 |    11 ||    27
       Potion            |       |       |     2 |    10 ||    12
 Stab: Distracted        |       |       |       |     3 ||     3
       Confused          |       |       |       |     9 ||     9
  Eat: Chunk             |    27 |    18 |    34 |    51 ||   130
       Ration            |       |       |     1 |       ||     1
Armor: Robe              |    37 |     7 |    75 |    73 ||   192
       Skin              |       |       |       |    12 ||    12
Dodge: Dodged            |    38 |    14 |    91 |   201 ||   344
Block: Shield            |    44 |    25 |   157 |   284 ||   510

Table legend:
 A = Spawn XP
 B = Non-spawn XP
 C = Spawn XP percentage of total XP
 D = Spawn monster count
 E = Non-spawn monster count
 F = Spawn count percentage of total count
 G = Total turns spent on level
                    A         B        C        D         E        F      G
               +---------+---------+-------+---------+---------+-------+---------
         Total |       0 |   26753 |   0.0 |       0 |     315 |   0.0 | 12271
               +---------+---------+-------+---------+---------+-------+---------
           D:1 |       0 |      22 |   0.0 |       0 |      14 |   0.0 |  1166
           D:2 |       0 |      47 |   0.0 |       0 |      15 |   0.0 |  1021
           D:3 |       0 |     218 |   0.0 |       0 |      13 |   0.0 |   476
           D:4 |       0 |     265 |   0.0 |       0 |      14 |   0.0 |   695
           D:5 |       0 |     241 |   0.0 |       0 |       4 |   0.0 |   729
           D:6 |       0 |     763 |   0.0 |       0 |      15 |   0.0 |   795
           D:7 |       0 |    2280 |   0.0 |       0 |      38 |   0.0 |  1347
           D:8 |       0 |    2919 |   0.0 |       0 |      38 |   0.0 |  1363
           D:9 |       0 |     861 |   0.0 |       0 |      17 |   0.0 |   708
          D:10 |       0 |    7391 |   0.0 |       0 |      65 |   0.0 |  1123
          D:11 |       0 |    1700 |   0.0 |       0 |      26 |   0.0 |   668
          D:12 |       0 |   10046 |   0.0 |       0 |      56 |   0.0 |  1978
               +---------+---------+-------+---------+---------+-------+---------
